 Dungeon Crawl Stone Soup version 0.19.4-8-ga85b6b9 (webtiles) character file.

1511 Gargoyl the Chopper (level 8, -2/67 (68) HPs)
             Began as a Ghoul Abyssal Knight on Feb 10, 2017.
             Was a Priest of Lugonu.
             Slain by a wyvern zombie (4 damage)
             ... on level 6 of the Dungeon.
             The game lasted 00:10:28 (5405 turns).

Gargoyl the Chopper (Ghoul Abyssal Knight)          Turns: 5405, Time: 00:10:28

HP:   -2/67 (68)    AC: 15    Str: 16    XL:     8   Next: 83%
MP:   10/10         EV:  5    Int:  7    God:    Lugonu [***...]
Gold: 361           SH:  0    Dex: 10    Spells: 0 memorised, 7 levels left

rFire  . . .     SeeInvis .     a - +1 hand axe
rCold  + . .     Gourm    .     d - +0 plate armour
rNeg   + + +     Faith    .     (no shield)
rPois  ∞         Spirit   .     (no helmet)
rElec  .         Reflect  .     b - +1 cloak
rCorr  .         Harm     .     (no gloves)
MR     +....                    (no boots)
Stlth  ..........               s - amulet of magic regeneration
                                (no ring)
                                u - ring of protection from magic

@: rotting
A: rotting body, claws 1, carnivore 3, cold resistance 1, negative energy
resistance 3, slow regeneration 1, torment resistance, unbreathing
a: Depart the Abyss, Bend Space, Banish, Renounce Religion


You were on level 6 of the Dungeon.
You worshipped Lugonu.
Lugonu was most pleased with you.
You were not hungry.

You visited 1 branch of the dungeon, and saw 6 of its levels.
You visited the Abyss 1 time.

You collected 361 gold pieces.

Inventory:

Hand Weapons
 a - a +1 hand axe (weapon)
Missiles
 p - 8 tomahawks (quivered)
Armour
 b - a +1 cloak (worn)
 d - a +0 plate armour (worn)
Jewellery
 n - an uncursed ring of flight
 s - an amulet of magic regeneration (around neck)
 u - a ring of protection from magic (left claw)
Wands
 k - a wand of acid (0/15)
 l - a wand of confusion (41/48)
Scrolls
 e - a scroll of amnesia
 g - 2 scrolls of remove curse
 h - a scroll of fear
 i - 2 scrolls of identify
 m - a scroll of magic mapping
 r - a scroll of enchant weapon
 t - a scroll of immolation {unknown}
Potions
 j - a potion of flight
 q - a potion of haste {unknown}
Books
 o - a book of Cantrips

   Spells                             Type                      Level
   a - Confusing Touch                Hexes                        1
   b - Animate Skeleton               Necromancy                   1
   c - Summon Small Mammal            Summoning                    1
   d - Apportation                    Translocation                1
Comestibles
 c - a meat ration
 f - 2 beef jerkies
 v - 8 chunks of flesh
 w - a slice of pizza


   Skills:
 + Level 5.0 Fighting
 + Level 6.1 Axes
 * Level 6.1 Armour
 + Level 1.2 Dodging
 * Level 4.6 Invocations
 + Level 0.1 Evocations


You had 7 spell levels left.
You didn't know any spells.

Dungeon Overview and Level Annotations

Branches:
Dungeon (6/15)
 Temple: D:4-7

Altars:
Ashenzari


Innate Abilities, Weirdness & Mutations

Your body is rotting away.
You thrive on raw meat.
You are immune to poison.
You have sharp fingernails.
You are carnivorous and can eat meat at any time.
Your flesh is cold resistant. (rC+)
You are immune to negative energy. (rN+++)
You regenerate slowly when monsters are visible.
You are immune to unholy pain and torment.
You can survive without breathing.


Message History

The wyvern zombie bites you but does no damage.
You completely miss the wyvern zombie.
The wyvern zombie is severely damaged.
The wyvern zombie bites you but does no damage.
You hit the wyvern zombie.
The wyvern zombie is severely damaged.
The wyvern zombie bites you. The wyvern zombie bites you!
* * * LOW HITPOINT WARNING * * *
You barely miss the wyvern zombie.
The wyvern zombie is severely damaged.
The wyvern zombie bites you!
* * * LOW HITPOINT WARNING * * *
You hit the wyvern zombie.
The wyvern zombie is severely damaged.
The wyvern zombie bites you.
* * * LOW HITPOINT WARNING * * *
Your plate armour prevents you from hitting the wyvern zombie.
The wyvern zombie is severely damaged.
The wyvern zombie bites you.
You die...

#......#.##
#......#..#
########..##
##..# #..# ####
#..# ..... #..#
.....)######.#
...$..Z@..##.##
......###.##..#
...>. #.##..#
(... ##.###.##
... #......>#
.. ######### .


You could see a wyvern zombie.

Vanquished Creatures
  The ghost of Dickchan the Chopper, an amateur HOFi (D:4)
  Edmund (D:5)
  A sky beast (D:5)
  2 ogres
  A centaur (D:5)
  Blork the orc (D:5)
  2 bullfrogs (D:6)
  2 scorpions (D:4)
  A centaur zombie (D:5)
  Crazy Yiuf (D:2)
  A jelly (D:6)
  A bullfrog skeleton (D:4)
  2 hounds (D:6)
  4 orc wizards
  A centaur skeleton (D:5)
  Jessica (D:2)
  Terence (D:2)
  2 worker ants (D:4)
  2 hound skeletons (D:4)
  4 adders
  A shadow imp (D:5)
  An adder zombie (D:2)
  An adder skeleton (D:2)
  2 worms
  A dart slug (D:1)
  2 leopard geckos (D:2)
  9 orcs
  A bat skeleton (D:2)
  3 giant cockroaches
  9 goblins
  7 hobgoblins
  2 quokkas
  A ball python (D:1)
  A ball python zombie (D:2)
  10 bats
  6 frilled lizards
  8 kobolds
  2 leopard gecko skeletons
  A quokka zombie (D:2)
  6 rats
106 creatures vanquished.

Notes
Turn   | Place    | Note
-------+----------+-------------------------------------------
     0 | Abyss:1  | Gargoyl the Ghoul Abyssal Knight began the quest for the Orb.
     0 | Abyss:1  | Reached XP level 1. HP: 19/19 MP: 1/1
   121 | Abyss:1  | Noticed a starcursed mass
   122 | D:1      | Escaped the Abyss
   213 | D:1      | Found a shattered altar of Ashenzari.
   478 | D:1      | Reached XP level 2. HP: 26/26 MP: 2/2
   517 | D:1      | Reached * piety under Lugonu
   990 | D:2      | Noticed Terence
  1015 | D:2      | Killed Terence
  1015 | D:2      | Reached XP level 3. HP: 23/31 MP: 3/3
  1084 | D:2      | Reached XP level 4. HP: 36/40 MP: 4/4
  1221 | D:2      | Reached ** piety under Lugonu
  1393 | D:2      | Noticed Jessica
  1412 | D:2      | Killed Jessica
  1412 | D:2      | Reached XP level 5. HP: 35/46 MP: 4/6
  1569 | D:2      | Found a runed door.
  1573 | D:2      | Noticed Crazy Yiuf
  1590 | D:2      | HP: 2/46 [Crazy Yiuf/quarterstaff of chaos (2)]
  1595 | D:2      | Killed Crazy Yiuf
  2078 | D:3      | Noticed an ogre
  2081 | D:3      | Killed an ogre
  2081 | D:3      | Reached skill level 1 in Dodging
  2081 | D:3      | Reached XP level 6. HP: 51/52 MP: 7/7
  2779 | D:4      | Noticed Dickchan's ghost (amateur HOFi)
  2825 | D:4      | Killed Dickchan's ghost
  2825 | D:4      | Reached XP level 7. HP: 19/60 MP: 8/8
  3226 | D:4      | Reached skill level 5 in Armour
  3650 | D:4      | Found a shattered altar of Ashenzari.
  3679 | D:5      | Entered Level 5 of the Dungeon
  3741 | D:5      | Reached *** piety under Lugonu
  3789 | D:5      | Noticed Blork the orc
  3805 | D:5      | Killed Blork the orc
  3805 | D:5      | Reached XP level 8. HP: 43/67 MP: 9/9
  3895 | D:5      | Noticed Edmund
  3928 | D:5      | Killed Edmund
  3928 | D:5      | Reached skill level 5 in Axes
  4649 | D:5      | Reached skill level 5 in Fighting
  5404 | D:6      | HP: 2/67 [wyvern zombie (2)]
  5405 | D:6      | Slain by a wyvern zombie

Skill      XL: |  1  2  3  4  5  6  7  8 |
---------------+-------------------------+-----
Armour         | 2 3 4 5 6 |  6.1
Axes           | 2 3 4 6 |  6.1
Fighting       | 4 5 |  5.0
Dodging        | 1 |  1.2
Invocations    | 3 4 |  4.6
Evocations     | |  0.1

Action                   |  1- 3 |  4- 6 |  7- 9 || total
-------------------------+-------+-------+-------++-------
Melee: Hand axe          |   140 |   235 |   234 ||   609
Invok: Depart the Abyss  |     1 |       |       ||     1
Evoke: Wand              |       |     3 |     1 ||     4
  Use: Scroll            |     4 |    11 |     7 ||    22
       Potion            |       |     8 |     3 ||    11
 Stab: Confused          |       |       |     2 ||     2
  Eat: Chunk             |     7 |    21 |    21 ||    49
Armor: Plate armour      |   191 |   215 |   185 ||   591
Dodge: Dodged            |    43 |    61 |    54 ||   158
